 Dungeon Crawl Stone Soup version 0.28.0 (webtiles) character file.

Game seed: 14389582613228964925

601 enile the Skirmisher (level 7, -3/58 HPs)
             Began as a Formicid Earth Elementalist on Feb 16, 2022.
             Was a Believer of Trog.
             Slain by an orc (7 damage)
             ... on level 3 of the Dungeon.
             The game lasted 00:11:24 (6314 turns).

enile the Skirmisher (Formicid Earth Elementalist)  Turns: 6314, Time: 00:11:25

Health: -3/58      AC:  5    Str: 15    XL:     7   Next: 69%
Magic:  10/10      EV: 10    Int: 14    God:    Trog [**....]
Gold:   170        SH:  0    Dex: 11    Spells: 9/10 levels left

rFire   . . .      SeeInvis +   p - +0 halberd
rCold   . . .      Faith    .   e - orb {mayhem}
rNeg    . . .      Spirit   .   l - +0 ring mail
rPois   .          Reflect  .   (helmet unavailable)
rElec   .          Harm     .   (no cloak)
rCorr   .          Rampage  .   (no gloves)
Will    .....                   (no boots)
Stlth   ++........              (no amulet)
HPRegen 0.19/turn               (no ring)
MPRegen 0.12/turn               (no ring)

@: no status effects
A: permanent stasis, dig shafts and tunnels, antennae 3, four strong arms
a: Dig, Shaft Self, Renounce Religion, Trog's Hand


You were on level 3 of the Dungeon.
You worshipped Trog.
Trog was pleased with you.
You visited 1 branch of the dungeon, and saw 3 of its levels.

You collected 170 gold pieces.

Inventory:

Hand Weapons
 d - a +0 dagger of venom
 n - a +0 vorpal spear
 p - a +0 halberd (weapon)
 q - a +4 whip
Missiles
 c - 69 stones (quivered)
Armour
 b - a +0 robe
 e - an orb of mayhem (worn)
 l - a +0 ring mail (worn)
 r - a +0 leather armour
Jewellery
 s - a ring of positive energy
Scrolls
 a - 4 scrolls of identify {unknown}
 f - 2 scrolls of blinking {unknown}
 h - a scroll of magic mapping {unknown}
 i - 3 scrolls of enchant armour {unknown}
 k - a scroll of fear {unknown}
 t - a scroll of torment {unknown}
Potions
 j - a potion of heal wounds {unknown}
 m - a potion of degeneration {unknown}
 o - a potion of flight {unknown}


   Skills:
 + Level 6.2 Fighting
 - Level 4.0 Armour
 - Level 1.7 Dodging
 - Level 5.0 Stealth
 - Level 2.1 Spellcasting
 - Level 1.1 Transmutations
 - Level 3.6 Earth Magic


You had 9 spell levels left.
You knew the following spells:

 Your Spells              Type           Power      Damage    Failure   Level
a - Sandblast             Erth           22%        2d7       10%         1

Your spell library contained the following spells:

 Spells                   Type           Power      Damage    Failure   Level
 Passwall                 Tmut/Erth      6%         N/A       26%         2
 Stone Arrow              Conj/Erth      12%        3d7       52%         3
 Petrify                  Tmut/Erth      8%         N/A       86%         4


Dungeon Overview and Level Annotations

Branches:
Dungeon (3/15)

Altars:
Trog


Innate Abilities, Weirdness & Mutations

You cannot be hasted, slowed, berserked, paralysed or teleported.
You can dig through walls and to a lower floor.
You have a pair of large antennae on your head. (SInv)
Your four strong arms can wield two-handed weapons with a shield.


Message History

You kill the gnoll!
Trog accepts your kill.
The orc flies into a frenzy!
The orc hits the gnoll with a +0 hand axe.
An orc comes into view. It is wielding a +0 short sword.
The gnoll hits you with a +0 club.
The orc shouts!
The orc hits the gnoll with a +0 hand axe!
The gnoll dies!
Trog accepts your kill.
There is a huge open gate here.
The orc closely misses the orc.
The orc barely misses the orc.
The orc hits the orc with a +0 hand axe!
The orc dies!
Trog accepts your kill.
Things that are here:
a +0 short sword; 6 poisoned darts The orc shouts!
Okay, then.
It was a potion of berserk rage.
Your stasis prevents you from going berserk.
The orc shouts!
You see here a +0 spear.
A goblin comes into view. It is wielding a +0 club.
Items here: )))))).
The goblin shouts!
The orc hits you with a +0 hand axe! The orc hits you with a +0 hand axe.
* * * LOW HITPOINT WARNING * * *
The orc hits you with a +0 hand axe.
* * * LOW HITPOINT WARNING * * *
The orc barely misses something.
Something barely misses the orc.
The orc hits something with a +0 hand axe!
Trog accepts your kill.
You feel a bit more experienced.
You see here an orc skeleton.
You closely miss the orc. The orc hits you with a +0 hand axe!
* * * LOW HITPOINT WARNING * * *
The orc hits you with a +0 hand axe!
You die...

..))#####............#..#..###.#
.......)....#...#.##.#..#..###
............##..#.##.#..#....# #
............##..#.##.#####..##.#
..)............)#.##...........#
####...........>....####.....#.#
#........#.....#.# #.......#
#........#..####.# #<.##....#
#........#..o@...#####.# .####
#####.####.#####.......# .# #)##
#.#####.......# ##
########).###...........†########
....................)............
≈≈≈≈≈≈≈)...≈≈≈≈≈≈≈≈≈≈≈≈≈≈≈≈≈≈≈...
≈≈≈≈≈≈≈....≈≈≈≈≈≈≈≈≈≈≈≈≈≈≈≈≈≈≈...
≈≈≈≈≈≈≈.)..≈≈≈≈≈≈≈≈≈≈≈≈#####≈≈...
.......................#...#≈≈...


You could see a neutral orc (fast, strong, insane).

Vanquished Creatures
  A kobold brigand (D:3)
  4 howler monkeys (D:3)
  2 hounds (D:3)
  Natasha (thrice) (D:2)
  Robin (D:2)
  An adder (D:2)
  11 gnolls (D:3)
  A dart slug (D:2)
  10 orcs (D:3)
  6 ball pythons
  4 endoplasms
  3 giant cockroaches (D:2)
  8 goblins
  6 hobgoblins
  12 jackals
  A quokka (D:2)
  3 bats
  4 frilled lizards
  3 kobolds
  5 rats
89 creatures vanquished.

Vanquished Creatures (collateral kills)
  2 gnolls (D:3)
  2 orcs (D:3)
  A goblin (D:3)
  A jackal (D:1)
  2 frilled lizards (D:2)
  A rat (D:1)
9 creatures vanquished.

Vanquished Creatures (others)
  A goblin (D:2)
  A jackal (D:3)
  A frilled lizard (D:2)
  A fungus (D:1)
  5 plants
9 creatures vanquished.

Grand Total: 107 creatures vanquished

Notes
Turn   | Place    | Note
-------+----------+-------------------------------------------
     0 | D:1      | enile the Formicid Earth Elementalist began the quest for
                  | the Orb.
     0 | D:1      | Reached XP level 1. HP: 13/13 MP: 3/3
   261 | D:1      | Reached skill level 1 in Fighting
   297 | D:1      | Reached XP level 2. HP: 21/21 MP: 1/5
   310 | D:1      | Reached skill level 2 in Fighting
   775 | D:1      | Found a faded altar of an unknown god.
  1142 | D:1      | Prayed at the altar of an unknown god.
  1142 | D:1      | Became a worshipper of Trog the Wrathful
  1142 | D:1      | Reached * piety under Trog
  1240 | D:2      | Reached XP level 3. HP: 28/28 MP: 6/6
  1381 | D:2      | Reached skill level 3 in Fighting
  1611 | D:2      | Noticed Natasha
  1634 | D:2      | Killed Natasha
  1635 | D:2      | Reached skill level 4 in Fighting
  1635 | D:2      | Reached XP level 4. HP: 15/37 MP: 7/7
  2078 | D:2      | Noticed Natasha
  2085 | D:2      | Killed Natasha
  2086 | D:2      | Reached skill level 1 in Armour
  2086 | D:2      | Reached XP level 5. HP: 29/42 MP: 8/8
  2276 | D:2      | Noticed Robin
  2327 | D:2      | Noticed Natasha
  3165 | D:2      | Killed Natasha
  3896 | D:2      | Killed Robin
  4129 | D:3      | Reached XP level 6. HP: 15/49 MP: 9/9
  4578 | D:3      | Reached skill level 5 in Fighting
  4659 | D:3      | Reached ** piety under Trog
  5189 | D:3      | Reached XP level 7. HP: 19/56 MP: 10/10
  5786 | D:3      | Reached skill level 5 in Stealth
  6234 | D:3      | Reached skill level 6 in Fighting
  6314 | D:3      | Slain by an orc

Illustrated notes

Levels and vault maps discovered:
D:1:      wheals_arrival_linesprint, layout_basic,
          shapermc_ecumenical_altar_ellora
D:2:      layout_basic, minmay_lizard_pond, uniq_natasha, uniq_robin
D:3:      lemuel_castle_with_subvaults [lemuel_castle_interior_carwin_2],
          layout_basic, chequers_temple_overflow_minitemple,
          grunt_decor_junction

Skill      XL: |  1  2  3  4  5  6  7 |
---------------+----------------------+-----
Fighting       | 1 2 4 5 6 |  6.2
Armour         | 1 4 |  4.0
Stealth        | 4 5 |  5.0
Dodging        | |  1.7
Spellcasting   | |  2.1
Transmutations | |  1.1
Earth Magic    | |  3.6

Action                   |  1- 3 |  4- 6 |  7- 9 || total
-------------------------+-------+-------+-------++-------
Melee: Dagger            |    50 |   192 |    41 ||   283
       Halberd           |       |       |    34 ||    34
Throw: Dart              |     2 |       |       ||     2
       Stone             |       |    13 |       ||    13
 Cast: Sandblast         |    11 |       |       ||    11
Invok: Trog's Hand       |       |       |     1 ||     1
  Use: Potion            |       |     3 |     1 ||     4
 Stab: Sleeping          |     3 |     1 |       ||     4
Armor: Robe              |     4 |     9 |       ||    13
       Skin              |       |    29 |       ||    29
       Ring mail         |       |    35 |    16 ||    51
Dodge: Dodged            |    27 |   103 |    42 ||   172
